Map: Orbital Shipyard

Players

JackaL - Winner!

  • Race: Terran Terran
  • League: Master

BowmanSX (bowman)

  • Race: Protoss Protoss
  • League: Grandmaster

VOD

Have the link to the VOD?

Description

Time

  • Played on: Jan. 28, 2016, 2:55 p.m.
  • Length: 6:12
Show
View Real Time Build Order
Export as new Build Order

JackaL Terran - Winner!

Build Orders: Reaper Expand 

Get SALT Encoding   

  12  0:00  SCV  
  13  0:13  SCV  
  14  0:17  Supply Depot  
  14  0:25  SCV  
  15  0:39  SCV  
  15  0:40  Barracks  
  16  0:45  Refinery  
  16  0:51  SCV  
  17  1:03  SCV  
  18  1:15  SCV  
  19  1:28  Orbital Command  
  19  1:30  Reaper  
  20  1:39  Command Center  
  20  1:49  Supply Depot  
  20  1:54  SCV  
  21  2:02  Barracks Reactor  
  21  2:06  SCV  
  21  2:08  Refinery  
  22  2:19  SCV  
  23  2:24  Factory  
  23  2:31  SCV  
  24  2:46  SCV  
  25  2:56  Marine x2  
  25  2:58  Orbital Command  
  27  3:08  SCV  
  28  3:18  Marine x2  
  29  3:20  SCV, Factory Tech Lab  
  29  3:21  Starport  
  29  3:25  SCV, Barracks  
  31  3:29  Barracks  
  31  3:36  Marine  
  31  3:37  Marine  
  31  3:39  Siege Tank  
  36  3:43  SCV, Refinery  
  36  3:44  Refinery  
  36  3:46  Supply Depot  
  36  3:48  SCV  
  38  3:54  Marine x2  
  40  3:56  SCV  
  41  4:07  SCV  
  41  4:08  Liberator x2  
  41  4:17  Marine x2  
  41  4:20  SCV x2  
  45  4:29  Marine  
  52  4:35  Marine  
  52  4:37  SCV, Siege Tank, Supply Depot  
  57  4:39  Marine  
  58  4:50  Barracks Tech Lab  
  58  4:51  SCV  
  58  4:52  SCV  
  60  4:54  Supply Depot  
  60  4:58  Marine x2  
  62  5:03  SCV  
  63  5:09  SCV  
  64  5:15  SCV  
  64  5:20  Barracks Reactor  
  64  5:21  Barracks Reactor, Siege Tank  
  65  5:22  Marine  
  65  5:23  Medivac  
  65  5:24  SCV  
  72  5:29  Supply Depot  
  72  5:38  SCV  
  72  5:41  SCV  
  74  5:58  SCV x2  
Show
View Real Time Build Order
Export as new Build Order

BowmanSX Protoss 

Build Orders: Nexus First 

Get SALT Encoding   

  12  0:01  Probe (Chrono Boost)  
  13  0:11  Probe (Chrono Boost)  
  14  0:18  Pylon  
  14  0:22  Probe (Chrono Boost)  
  15  0:36  Probe (Chrono Boost)  
  16  0:47  Probe (Chrono Boost)  
  17  0:57  Nexus  
  17  1:00  Probe (Chrono Boost)  
  18  1:10  Gateway  
  18  1:13  Probe (Chrono Boost)  
  18  1:18  Assimilator  
  19  1:24  Probe (Chrono Boost)  
  20  1:26  Assimilator  
  20  1:34  Probe (Chrono Boost)  
  20  1:38  Pylon  
  21  1:45  Probe (Chrono Boost)  
  22  1:54  Gateway  
  22  1:55  Probe (Chrono Boost)  
  23  2:01  Cybernetics Core  
  23  2:06  Probe (Chrono Boost)  
  24  2:11  Probe (Chrono Boost)  
  24  2:15  Zealot (Chrono Boost)  
  27  2:18  Probe (Chrono Boost)  
  27  2:22  Probe (Chrono Boost)  
  29  2:28  Probe (Chrono Boost)  
  30  2:31  Probe  
  30  2:49  Stalker (Chrono Boost)  
  33  2:53  Stalker (Chrono Boost), Probe  
  33  2:57  Warp Gate  
  34  2:59  Probe  
  34  3:05  Probe  
  34  3:13  Robotics Facility  
  33  3:20  Probe x2 (Chrono Boost)  
  35  3:31  Probe x2 (Chrono Boost)  
  37  3:41  Probe (Chrono Boost)  
  37  3:43  Probe (Chrono Boost)  
  39  3:53  Probe (Chrono Boost)  
  39  3:54  Probe (Chrono Boost)  
  39  3:55  Nexus  
  41  3:56  Pylon  
  41  4:04  Probe x2 (Chrono Boost)  
  41  4:10  Robotics Bay  
  41  4:11  Warp Prism (Chrono Boost)  
  41  4:14  Probe (Chrono Boost)  
  44  4:19  Assimilator  
  44  4:24  Probe (Chrono Boost), Assimilator  
  45  4:25  Probe (Chrono Boost)  
  46  4:34  Probe (Chrono Boost)  
  46  4:35  Probe (Chrono Boost)  
  48  4:44  Probe (Chrono Boost)  
  49  4:47  Twilight Council  
  49  4:48  Observer (Chrono Boost)  
  49  4:50  Probe  
  51  4:53  Forge  
  51  4:57  Probe  
  52  5:00  Probe  
  52  5:06  Gateway x2  
  53  5:07  Probe, Disruptor (Chrono Boost)  
  53  5:09  Gateway, Probe  
  58  5:14  Probe, Gravitic Drive  
  58  5:18  Probe  
  60  5:21  Sentry  
  60  5:22  Adept  
  60  5:25  Probe x2  
  66  5:29  Assimilator  
  66  5:30  Probe, Pylon  
  67  5:37  Probe  
Tags
 
Add a new tag
Caveats
  • Supply blocks, unpowered buildings, or Contaminate may cause inaccurate times.
  • Supply counts are checked every 10 seconds.